Map: Sequencer LE

Players

Lillekanin

  • Race: Terran Terran
  • Spawn Location: 1:00

SolO - Winner!

  • Race: Zerg Zerg
  • Spawn Location: 7:00

Event: WCS Jonkoping 2017

VOD

Have the link to the VOD?

Description

Time

  • Played on: June 17, 2017, 11:27 a.m.
  • Length: 9:30

All games in this series

Show
View Real Time Build Order
Export as new Build Order

Lillekanin Terran 

Build Orders:  

Get SALT Encoding   

  12  0:00  SCV  
  13  0:12  SCV  
  14  0:18  Supply Depot  
  14  0:24  SCV  
  15  0:30  Refinery  
  15  0:39  SCV  
  16  0:50  Barracks  
  16  0:55  SCV  
  17  1:09  Barracks  
  17  1:12  SCV  
  18  1:25  Barracks  
  18  1:37  Reaper  
  19  1:43  Barracks  
  19  1:51  Refinery  
  19  1:56  Reaper  
  20  2:09  Reaper  
  20  2:13  Supply Depot  
  20  2:14  Reaper  
  22  2:28  Reaper  
  23  2:35  Reaper  
  24  2:39  Bunker  
  24  2:44  Reaper  
  25  2:51  Reaper  
  26  3:02  Reaper  
  26  3:14  Reaper  
  26  3:17  Orbital Command  
  27  3:21  Supply Depot  
  27  3:25  Reaper  
  28  3:41  Reaper x2  
  28  3:46  Reaper  
  30  3:57  Reaper  
  31  4:13  Reaper  
  31  4:16  Reaper  
  33  4:23  Reaper  
  34  4:24  Supply Depot  
  34  4:36  Reaper  
  34  4:45  Reaper  
  35  4:52  Reaper  
  35  5:02  Reaper  
  35  5:05  SCV  
  35  5:13  Reaper  
  34  5:17  SCV  
  35  5:26  Reaper  
  35  5:27  Reaper  
  37  5:29  SCV  
  38  5:41  SCV  
  38  5:42  Reaper  
  40  5:48  Reaper  
  40  5:53  SCV  
  40  5:58  Reaper  
  40  6:03  Reaper  
  42  6:05  SCV  
  42  6:16  Reaper  
  42  6:17  SCV  
  43  6:29  Reaper  
  42  6:32  Reaper  
  42  6:44  Command Center  
  41  6:52  Reaper  
  39  6:54  Reaper  
  39  6:55  SCV  
  41  7:02  Reaper, Supply Depot  
  41  7:07  SCV  
  43  7:14  Reaper  
  42  7:26  Command Center  
  42  7:27  Reaper  
  42  7:29  SCV  
  43  7:41  SCV  
  43  7:45  Command Center  
  42  7:53  SCV  
  43  8:02  Barracks Tech Lab  
  44  8:05  SCV  
  44  8:06  Factory, Engineering Bay  
  44  8:17  SCV  
  45  8:30  SCV  
  45  8:33  Supply Depot  
  47  8:42  SCV  
  47  8:48  Engineering Bay  
  47  8:52  Marauder  
  49  9:02  Orbital Command  
Show
View Real Time Build Order
Export as new Build Order

SolO Zerg - Winner!

Build Orders: Hatch First 

Get SALT Encoding   

  12  0:00  Drone  
  13  0:12  Overlord  
  13  0:17  Drone  
  14  0:31  Drone x2  
  16  0:36  Drone  
  17  0:52  Hatchery  
  17  0:55  Drone  
  17  0:58  Drone  
  18  1:09  Extractor  
  17  1:13  Spawning Pool  
  17  1:15  Drone  
  17  1:19  Drone  
  18  1:28  Drone  
  19  1:38  Overlord  
  19  1:59  Queen  
  19  2:00  Zergling x4  
  23  2:03  Queen  
  23  2:04  Drone  
  23  2:08  Metabolic Boost  
  26  2:10  Drone  
  26  2:15  Drone  
  27  2:26  Spore Crawler  
  27  2:27  Drone x2  
  28  2:39  Queen, Spine Crawler  
  28  2:42  Zergling x4  
  30  2:50  Zergling x4  
  32  2:57  Zergling x2  
  33  3:04  Queen  
  35  3:07  Overlord  
  35  3:11  Roach Warren  
  32  3:18  Drone x2  
  32  3:19  Drone  
  35  3:40  Zergling x8  
  35  3:41  Zergling x2  
  40  3:47  Overlord x2  
  39  3:52  Roach  
  41  4:01  Roach  
  41  4:10  Roach x3  
  47  4:19  Ravager  
  47  4:22  Queen  
  50  4:37  Ravager  
  50  4:48  Queen  
  50  4:50  Drone x3  
  54  4:58  Queen  
  55  5:05  Drone  
  55  5:06  Drone x2  
  55  5:14  Roach x2  
  55  5:19  Ravager  
  59  5:29  Overlord  
  59  5:33  Overlord  
  59  5:37  Overlord  
  59  5:46  Queen  
  59  5:49  Roach x3  
  67  5:56  Zergling x4  
  69  6:07  Zergling x8  
  69  6:08  Zergling x6  
  76  6:18  Queen, Overlord  
  78  6:19  Overlord  
  78  6:21  Extractor  
  75  6:34  Drone  
  75  6:35  Drone x2  
  72  6:56  Lair  
  72  7:02  Zergling x2, Roach  
  72  7:03  Zergling x6  
  78  7:17  Hatchery  
  78  7:18  Ravager x2  
  78  7:19  Drone x3  
  78  7:20  Drone x2  
  84  7:23  Extractor  
  83  7:33  Drone x3  
  83  7:35  Drone x3  
  85  8:02  Drone x2  
  85  8:03  Nydus Network  
  85  8:17  Roach x7  
  98  8:30  Zergling x4, Roach x3  
  98  8:31  Spine Crawler  
  98  8:33  Spine Crawler  
  102  8:36  Queen  
  102  8:37  Queen  
  106  8:41  Nydus Canal  
  106  8:53  Overlord  
  106  9:01  Overlord  
  106  9:06  Overseer  
  106  9:07  Overlord  
  106  9:09  Spine Crawler  
  105  9:12  Spine Crawler  
Tags
 
Add a new tag
Caveats
  • Supply blocks, unpowered buildings, or Contaminate may cause inaccurate times.
  • Supply counts are checked every 10 seconds.